 Dungeon Crawl Stone Soup version 0.19-a0-1714-gcab94ab (webtiles) character file.

151 st0uf the Skirmisher (level 5, -3/50 HPs)
             Began as a Naga Fighter on Sept 28, 2016.
             Slain by a slave (7 damage)
             ... led by Pikel
             ... on level 4 of the Dungeon.
             The game lasted 00:08:09 (2188 turns).

st0uf the Skirmisher (Naga Fighter)                 Turns: 2188, Time: 00:08:11

Health: -3/50      AC:  6    Str: 18    XL:     5   Next: 33%
Magic:  5/5        EV:  5    Int:  9    God:
Gold:   87         SH:  0    Dex: 13    Spells: 0 memorised, 4 levels left

rFire  . . .     SeeInvis +     a - +0 long sword
rCold  . . .     Gourm    +     b - +0 scale mail
rNeg   . . .     Faith    .     (no shield)
rPois  +         Spirit   .     (no helmet)
rElec  .         Dismiss  .     (no cloak)
rCorr  .         Reflect  .     (no gloves)
MR     .....     Harm     .     (no barding)
Stlth  ..........               r - amulet of the gourmand
                                p - +2 ring of dexterity
                                e - -3 ring of evasion (curse)

@: very slow
A: see invisible, deformed body, poison resistance, slowness 2, slow metabolism
1, spit poison 1, AC +1
a: Spit Poison


You were on level 4 of the Dungeon.
You were not hungry.

You visited 1 branch of the dungeon, and saw 5 of its levels.

You collected 87 gold pieces.

Inventory:

Hand Weapons
 a - a +0 long sword (weapon)
Missiles
 m - 2 throwing nets (quivered)
Armour
 b - a +0 scale mail (worn)
 c - a +0 shield
Jewellery
 e - a cursed -3 ring of evasion (left hand)
 i - an uncursed ring of ice
 p - a +2 ring of dexterity (right hand)
 r - an amulet of the gourmand (around neck)
Scrolls
 g - a scroll of enchant armour {unknown}
 o - a scroll of noise {unknown}
Potions
 d - a potion of might
 j - a potion of curing {unknown}
 k - a potion of degeneration {unknown}
 l - 2 potions of heal wounds {unknown}
 q - 2 potions of mutation {unknown}
Comestibles
 f - 4 bread rations
 h - 3 meat rations
 n - a chunk of flesh
 s - a slice of pizza


   Skills:
 * Level 4.0 Fighting
 * Level 3.5 Long Blades
 + Level 2.7 Armour
 + Level 1.8 Dodging
 - Level 2.4 Shields


You had 4 spell levels left.
You didn't know any spells.

Dungeon Overview and Level Annotations

Branches:
Dungeon (5/15)
 Temple: D:4-7

Altars:
Trog
The Shining One

Annotations:
D:4 kae's ghost, novice FoFi


Innate Abilities, Weirdness & Mutations

You cannot wear boots.
Your serpentine skin is tough. (AC +1)
You have supernaturally acute eyesight. (SInv)
Armour fits poorly on your strangely shaped body.
Your system is resistant to poisons. (rPois)
You cover ground very slowly.
You have a slow metabolism.
You can spit poison.


Message History

The phantom is lightly damaged.
The phantom hits you but does no damage.
The slave hits you.
* * * LOW HITPOINT WARNING * * *
Unknown command.
You hit the phantom.
The phantom is moderately damaged.
The phantom barely misses you. The slave hits you but does no damage.
Unknown command.
You closely miss the phantom.
The phantom is moderately damaged.
The phantom barely misses you. The slave barely misses you.
You riposte.
You slash the slave!
The slave is heavily wounded.
The phantom hits you but does no damage.
Unknown command.
You hit the phantom.
The phantom is moderately damaged.
The slave hits you!
You die...

#.##.# #.##.#
#.##.######
..........########
.................#
.#
..##.####.######.#
###.. .###.# #.#
#.# #... .# #.#
#.# #p# #..# .#
#.# #.# #@# #..#
.###.####.# #W#
#..# ..........#
#.#####..###.#
####.######
#............# #.#
#######..##### #.#
#..# #.# #.W# ..#
#..# .## ...#


You could see a phantom and a slave.

Vanquished Creatures
  An orc wizard (D:4)
  An orc priest (D:4)
  4 adders
  An ooze (D:2)
  3 dart slugs
  A leopard gecko (D:4)
  5 orcs
  A ball python (D:1)
  2 bats (D:2)
  2 giant cockroaches
  4 goblins
  6 hobgoblins
  6 kobolds
  2 quokkas
  A frilled lizard (D:3)
  3 rats
43 creatures vanquished.

Notes
Turn   | Place    | Note
-------+----------+-------------------------------------------
     0 | D:1      | st0uf the Naga Fighter began the quest for the Orb.
     0 | D:1      | Reached XP level 1. HP: 21/21 MP: 1/1
   120 | D:1      | Reached XP level 2. HP: 28/28 MP: 2/2
   481 | D:2      | Reached skill level 1 in Dodging
   481 | D:2      | Reached XP level 3. HP: 7/34 MP: 3/3
   921 | D:4      | Reached XP level 4. HP: 39/42 MP: 4/4
   936 | D:4      | Noticed kae's ghost (novice FoFi)
  1520 | D:4      | Reached skill level 4 in Fighting
  1520 | D:4      | Reached XP level 5. HP: 25/50 MP: 5/5
  1734 | D:4      | Found a glowing golden altar of the Shining One.
  1735 | D:4      | Found a bloodstained altar of Trog.
  1812 | D:4      | Noticed a phantom
  1841 | D:5      | Entered Level 5 of the Dungeon
  2166 | D:5      | Noticed a slave
  2166 | D:5      | Noticed a slave
  2188 | D:4      | Slain by a slave

Vault maps used:
D:1:      minmay_arrival_split_and_join
D:2:      grunt_temple_overflow_opulence
D:3:      first_bread
D:4:      gammafunk_temple_overflow_statue, serial_shops, shop_coins,
          minmay_misc_feat_cross, uniq_duvessa
D:5:      yredelemnul_forgotten_temple_becter, minmay_misc_feat_ornament,
          uniq_grinder, uniq_pikel

Skill      XL: |  1  2  3  4 |
---------------+-------------+-----
Dodging        | 1 |  1.8
Long Blades    | 3 |  3.5
Fighting       | 4 |  4.0
Armour         | |  2.7
Shields        | |  2.4

Action                   |  1- 3 |  4- 6 || total
-------------------------+-------+-------++-------
Melee: Long sword        |    53 |    43 ||    96
 Abil: Spit Poison       |    27 |    16 ||    43
  Use: Scroll            |     2 |       ||     2
  Eat: Chunk             |       |     5 ||     5
Armor: Scale mail        |    42 |    21 ||    63
Dodge: Dodged            |    10 |    13 ||    23
